 Dungeon Crawl Stone Soup version 0.30-a0-368-g86fb4627a9 (webtiles) character file.

Game seed: 13216419780742172029

80 Maxmaps the Slasher (level 4, -3/33 HPs)
             Began as a Demonspawn Gladiator on Nov 20, 2022.
             Slain by an orc priest
             ... wielding a +0 falchion
              (4 damage)
             ... on level 3 of the Dungeon.
             The game lasted 00:01:09 (1801 turns).

Maxmaps the Slasher (Demonspawn Gladiator)          Turns: 1801, Time: 00:01:10

Health: -3/33      AC:  6    Str: 14    XL:     4   Next: 18%
Magic:  4/4        EV: 12    Int: 11    God:
Gold:   61         SH:  0    Dex: 15    Spells: 3/3 levels left

rFire   . . .      SeeInvis .    a - +0 long sword
rCold   . . .      Faith    .    (no shield)
rNeg    . . .      Spirit   .    b - +0 leather armour
rPois   .          Reflect  .    c - +0 helmet
rElec   .          Harm     .    (no cloak)
rCorr   .          Rampage  .    (no gloves)
Will    .....                    (no boots)
Stlth   +.........               (no amulet)
HPRegen 0.25/turn                (no ring)
MPRegen 0.09/turn                (no ring)

@: no status effects
A: molten scales 1
a: no special abilities


You were on level 3 of the Dungeon.
You visited 1 branch of the dungeon, and saw 3 of its levels.

You collected 61 gold pieces.

Inventory:

Hand Weapons
 a - a +0 long sword (weapon)
Missiles
 d - 3 throwing nets (quivered)
 e - a javelin
Armour
 b - a +0 leather armour (worn)
 c - a +0 helmet (worn)
Scrolls
 f - a scroll of enchant armour {unknown}
 h - a scroll of acquirement {unknown}
 j - a scroll of identify {unknown}
 k - 3 scrolls of teleportation {unknown}
 l - a scroll of silence {unknown}
Potions
 g - 2 potions of curing {unknown}
 i - a potion of flight {unknown}


   Skills:
 - Level 2.0 Fighting
 + Level 4.6 Long Blades
 - Level 1.7 Throwing
 - Level 2.6 Dodging


You had 3 spell levels left.
You didn't know any spells.
Your spell library contained the following spells:

 Spells                   Type           Power      Damage    Failure   Level
 Sandblast                Erth           0%         2d4       41%         1
 Passwall                 Tmut/Erth      0%         N/A       56%         2
 Stone Arrow              Conj/Erth      0%         3d7       80%         3


Dungeon Overview and Level Annotations

Branches:
Dungeon (3/15)

Altars:


Innate Abilities, Weirdness & Mutations

You are partially covered in molten scales. (AC +2)


Message History

There is a stone staircase leading up here.
l - a scroll labelled JAESONOE ACEXO No target in view!
You see here a +0 leather armour.
You now have 61 gold pieces (gained 9).
An orc priest and 2 orcs come into view.
The orc shouts!
The orc priest shouts!
You hear a shout!
An orc priest comes into view. It is wielding a +0 falchion.
The orc barely misses you.
There are monsters nearby!
You slash the orc!
You kill the orc!
You slash the orc!
You kill the orc!
The orc priest barely misses you.
Things that are here:
a +0 club; a +0 mace; an orc corpse You closely miss the orc priest.
The orc priest hits you but does no damage.
You hit the orc priest but do no damage.
The orc priest hits you with a +0 war axe!
You hit the orc priest.
The orc priest is heavily wounded.
The orc priest barely misses you.
The orc priest hits you with a +0 war axe!
You slash the orc priest!
You kill the orc priest!
The orc priest invokes the aid of Beogh against you.
Pain shoots through your body!
* * * LOW HITPOINT WARNING * * *
You have reached level 4!
You feel agile.
The orc priest hits you with a +0 falchion.
* * * LOW HITPOINT WARNING * * *
Things that are here:
a +0 war axe; an orc corpse You slash the orc priest!
The orc priest is severely wounded.
The orc priest hits you with a +0 falchion.
You die...

#.##.########
......o@)...#
#.##.#####.##
#.# #.#
#.#####.#
#.......#
#######.#
.....##.###
..####......#


You could see an orc priest.

Vanquished Creatures
  An orc priest (D:3)
  An adder (D:2)
  2 worms (D:2)
  2 orcs (D:3)
  4 bats
  2 endoplasms
  A goblin (D:1)
  4 hobgoblins (D:1)
  3 quokkas
  6 ball pythons
  A frilled lizard (D:1)
  6 kobolds
  3 rats
36 creatures vanquished.

Notes
Turn   | Place    | Note
-------+----------+-------------------------------------------
     0 | D:1      | Maxmaps the Demonspawn Gladiator began the quest for the
                  | Orb.
     0 | D:1      | Reached XP level 1. HP: 16/16 MP: 1/1
   267 | D:1      | Reached skill level 3 in Long Blades
   386 | D:1      | Gained mutation: You are partially covered in molten
                  | scales. (AC +2) [demonic ancestry]
   386 | D:1      | Reached XP level 2. HP: 22/22 MP: 2/2
  1006 | D:2      | Reached XP level 3. HP: 27/27 MP: 3/3
  1255 | D:2      | Reached skill level 4 in Long Blades
  1800 | D:3      | Reached XP level 4. HP: 5/33 MP: 4/4
  1800 | D:3      | HP: 1/33 [orc priest/+0 falchion (5)]
  1801 | D:3      | Slain by an orc priest

Illustrated notes

Levels and vault maps discovered:
D:1:      tarquinn_simple_flora_water_e, layout_loops_corners,
          minmay_door_square
D:2:      layout_loops_ring, serial_bayou_lagoon_b
D:3:      layout_basic, hangedman_ru_absence,
          mainiacjoe_overflow_concentric_impassable, basic_ecumenical_altar,
          serial_shops, nicolae_shop_behind_doors

Skill      XL: |  1  2  3 |
---------------+----------+-----
Long Blades    | 3 4 |  4.6
Fighting       | |  2.0
Throwing       | |  1.7
Dodging        | |  2.6

Action                   |  1- 3 |  4- 6 || total
-------------------------+-------+-------++-------
Melee: Long sword        |    96 |     1 ||    97
       Punch             |     1 |       ||     1
Armor: Leather armour    |    26 |       ||    26
Dodge: Dodged            |    72 |       ||    72

Table legend: (Time is in decaauts)
 A = Elapsed time spent in this place.
 B = Non-inter-level travel time spent in this place.
 C = Inter-level travel time spent in this place.
 D = Time resting spent in this place.
 E = Time spent auto-exploring this place.
 F = Levels seen in this place.
 G = Mean time per level.
                   A        B        C        D        E       F      G
               +--------+--------+--------+--------+--------+-----+--------+
         Total |   1849 |   1791 |     58 |     21 |   1492 |   3 |  616.3 |
       Dungeon |   1849 |   1791 |     58 |     21 |   1492 |   3 |  616.3 |
               +--------+--------+--------+--------+--------+-----+--------+

Top non-repeatable levels by time:
     D:1: 969 daAuts
     D:2: 855 daAuts
     D:3: 24 daAuts
